 Dungeon Crawl Stone Soup version 0.20.0-10-g0535bb4 (webtiles) character file.

6503 Mesmaeker13 the Nimble (level 10, -6/56 HPs)
             Began as a Deep Elf Wizard on June 6, 2017.
             Was a Believer of Vehumet.
             Mangled by an ice beast (10 damage)
             ... on level 10 of the Dungeon.
             The game lasted 00:46:51 (14501 turns).

Mesmaeker13 the Nimble (Deep Elf Wizard)           Turns: 14501, Time: 00:46:51

Health: -6/56      AC: 11    Str:  7    XL:     10   Next: 69%
Magic:  10/18      EV: 17    Int: 24    God:    Vehumet [**....]
Gold:   519        SH:  6    Dex: 13    Spells: 1/17 levels left

rFire    + . .     SeeInvis .   P - +2 dagger (speed)
rCold    . . .     Gourm    .   p - +2 buckler
rNeg     . . .     Faith    .   t - +2 robe {rF+}
rPois    .         Spirit   .   o - +1 helmet
rElec    .         Reflect  .   v - +1 cloak
rCorr    .         Harm     .   (no gloves)
MR       +....                  (no boots)
Stlth    ++........             (no amulet)
Regen    0.2/turn               y - +3 ring of protection
MPRegen  0.2/turn               (no ring)

@: berserk cooldown, flying, slowed, very slow
A: no striking features
a: Renounce Religion


You were on level 10 of the Dungeon.
You worshipped Vehumet.
Vehumet was pleased with you.
You were not hungry.

You visited 2 branches of the dungeon, and saw 11 of its levels.

You collected 519 gold pieces.

Inventory:

Hand Weapons
 g - a +0 blowgun
 m - a +0 whip of pain
 K - a cursed -2 dagger
 P - a +2 dagger of speed (weapon)
 Q - a +0 whip of holy wrath
Missiles
 x - 33 poisoned needles
Armour
 a - a +2 leather armour of fire resistance
 b - a +3 ring mail
 o - a +1 helmet (worn)
 p - a +2 buckler (worn)
 t - a +2 robe of fire resistance (worn)
 u - a +1 robe of magic resistance
 v - a +1 cloak (worn)
Jewellery
 y - a +3 ring of protection (left hand)
Wands
 B - a wand of digging (0/24)
 I - a wand of random effects (0/48)
 M - a wand of flame (12/48)
Scrolls
 e - 2 scrolls of enchant weapon
 i - 2 scrolls of magic mapping
 l - a scroll of immolation
 s - a scroll of remove curse
 w - a scroll of fear {unknown}
 C - a scroll of noise {unknown}
 D - a scroll of amnesia {unknown}
 H - a scroll of random uselessness {unknown}
 J - a scroll of summoning {unknown}
 N - 2 scrolls of enchant armour
 O - a scroll of fog {unknown}
 T - a scroll of brand weapon {unknown}
Potions
 j - a potion of haste
 n - a potion of lignification {unknown}
 q - 2 potions of brilliance
 E - 2 potions of flight
 F - 2 potions of ambrosia {unknown}
 G - 2 potions of degeneration {unknown}
 L - a potion of might {unknown}
 S - a potion of berserk rage
Books
 c - a book of Minor Magic

   Spells                             Type                      Level
   a - Magic Dart                     Conjuration                  1
   b - Blink                          Translocation                2
   c - Call Imp                       Summoning                    2
   d - Slow                           Hexes                        2
   e - Conjure Flame                  Conjuration/Fire             3
   f - Mephitic Cloud                 Conjuration/Poison/Air       3
 R - a Young Poisoner's Handbook

   Spells                             Type                      Level
   a - Sting                          Conjuration/Poison           1
   b - Poisonous Vapours              Poison/Air                   2
   c - Mephitic Cloud                 Conjuration/Poison/Air       3
   d - Olgreb's Toxic Radiance        Poison                       4
   e - Venom Bolt                     Conjuration/Poison           5
 U - a book of Enchantments

   Spells                             Type                      Level
   a - Cause Fear                     Hexes                        4
   b - Yara's Violent Unravelling     Hexes/Transmutation          5
   c - Silence                        Hexes/Air                    5
   d - Deflect Missiles               Charms/Air                   6
   e - Discord                        Hexes                        8
Comestibles
 d - 7 bread rations
 f - 5 royal jellies
 k - 3 meat rations


   Skills:
 - Level 3.7 Fighting
 - Level 9.3 Dodging
 - Level 2.4 Stealth
 + Level 2.5 Shields
 - Level 0.4 Unarmed Combat
 - Level 4.4 Spellcasting
 + Level 9.3 Conjurations
 + Level 4.0 Hexes
 - Level 3.0 Summonings
   Level 1.1 Translocations
 - Level 5.7 Fire Magic
 - Level 5.4 Air Magic
 - Level 5.3 Poison Magic


You had one spell level left.
You knew the following spells:

 Your Spells              Type           Power        Failure   Level  Hunger
a - Magic Dart            Conj           ####         1%          1    None
b - Call Imp              Summ           ###.....     4%          2    None
c - Mephitic Cloud        Conj/Pois/Air  #####...     1%          3    ##.....
d - Slow                  Hex            ###.....     3%          2    None
e - Conjure Flame         Conj/Fire      #####...     1%          3    ##.....
f - Dazzling Spray        Conj/Hex       #####.       2%          3    ##.....
g - Poisonous Vapours     Pois/Air       ####..       1%          2    None


Dungeon Overview and Level Annotations

Branches:
Dungeon (10/15)            Temple (1/1) D:7
   Lair: D:8-11         Orc: D:9-12

Altars:
Ashenzari
Cheibriados
Dithmenos
Elyvilon
Fedhas
Gozag
Hepliaklqana
Kikubaaqudgha
Makhleb
Nemelex Xobeh
Okawaru
Qazlal
Ru
Sif Muna
Trog
Uskayaw
Vehumet
Xom
Yredelemnul
Zin
The Shining One

Shops:
D:5 %   D:8 *


Message History

You feel a strong urge to attack something.
The ice beast closely misses you.
You bump into the rock wall.
You bump into the rock wall.
You feel your anger subside. The ice beast misses you.
You bump into the rock wall.
You are no longer berserk.
You are exhausted.
You feel yourself slow down. The ice beast closely misses you.
You bump into the rock wall.
You feel less confused. You block the ice beast's attack.
You block the ice beast's attack.
Okay, then.
Okay, then.
The ice beast hits you.
* * * LOW HITPOINT WARNING * * *
The ice beast freezes you!
You die...

#.#######.§e...)...#
#.......e..#.#§)#########
#.########.#...§.........
#...## #.###.##(##.##.
.....# #.....##<# .....#
########)# .....# #.#
#...#############Y#
##..............@.#
##################


You could see an ice beast.

Vanquished Creatures
  A deep elf mage (D:10)
  A centaur zombie (D:9)
  4 hippogriffs
  Sigmund (D:2)
  A wyvern (D:8)
  A hungry ghost (D:8)
  Menkaure (D:4)
  A black bear (D:9)
  3 orc warriors
  A phantom (D:4)
  2 ogres
  3 centaurs
  A big kobold (D:10)
  5 bullfrogs
  A wyvern zombie (D:8)
  A scorpion (D:8)
  11 killer bees
  5 wights (D:6)
  7 howler monkeys
  A bullfrog zombie (D:7)
  2 crimson imps
  3 jellies
  A bullfrog skeleton (D:7)
  3 centaur skeletons
  3 orc priests
  9 hounds
  12 orc wizards
  Crazy Yiuf (D:2)
  An iguana (D:7)
  Natasha (thrice) (D:3)
  2 worker ants
  A hound zombie (D:7)
  8 gnolls
  8 adders
  5 shadow imps
  A white imp (D:5)
  An ooze (D:2)
  An adder skeleton (D:6)
  A worm (D:2)
  4 dart slugs
  5 leopard geckos
  33 orcs
  A ball python (D:4)
  11 bats
  9 giant cockroaches
  14 goblins
  9 hobgoblins
  16 jackals
  4 quokkas
  5 frilled lizards
  A jackal zombie (D:5)
  12 kobolds
  9 rats
251 creatures vanquished.

Vanquished Creatures (collateral kills)
  A centaur skeleton (D:9)
  A hungry ghost (D:8)
  A phantom (D:7)
  An ogre (D:5)
  A wyvern zombie (D:9)
  3 killer bees (D:8)
  2 howler monkeys
  An orc wizard (D:9)
  2 iguanas
  A hound skeleton (D:5)
  Robin (D:2)
  2 gnolls (D:8)
  A dart slug (D:1)
  3 orcs
  A goblin (D:2)
  A hobgoblin (D:1)
  A kobold (D:1)
24 creatures vanquished.

Vanquished Creatures (others)
  A killer bee (D:8)
  40 fungi (D:10)
  19 plants (D:10)
  A withered plant (D:9)
61 creatures vanquished.

Grand Total: 336 creatures vanquished

Notes
Turn   | Place    | Note
-------+----------+-------------------------------------------
     0 | D:1      | Mesmaeker13 the Deep Elf Wizard began the quest for the Orb.
     0 | D:1      | Reached XP level 1. HP: 10/10 MP: 7/7
   324 | D:1      | Reached XP level 2. HP: 14/15 MP: 6/9
   339 | D:1      | Learned a level 2 spell: Call Imp
   782 | D:1      | Reached XP level 3. HP: 19/19 MP: 7/10
  1160 | D:2      | Learned a level 3 spell: Mephitic Cloud
  1363 | D:2      | Noticed Robin
  1488 | D:2      | Killed Robin
  1488 | D:2      | Reached XP level 4. HP: 15/24 MP: 6/12
  1550 | D:2      | Noticed Sigmund
  2333 | D:2      | Killed Sigmund
  2333 | D:2      | Reached skill level 1 in Poison Magic
  2333 | D:2      | Reached XP level 5. HP: 24/28 MP: 5/13
  2493 | D:2      | Found a runed door.
  2603 | D:2      | Found a shadowy altar of Dithmenos.
  2657 | D:2      | Found an iron altar of Okawaru.
  2779 | D:2      | Noticed Crazy Yiuf
  2790 | D:2      | Killed Crazy Yiuf
  2790 | D:2      | Reached skill level 1 in Air Magic
  3093 | D:3      | Reached XP level 6. HP: 32/32 MP: 11/14
  3279 | D:3      | Noticed Natasha
  3297 | D:3      | Killed Natasha
  3347 | D:3      | Noticed Natasha
  3355 | D:3      | Killed Natasha
  3396 | D:3      | Noticed Natasha
  3405 | D:3      | Killed Natasha
  3662 | D:3      | Learned a level 2 spell: Slow
  3683 | D:4      | Noticed Menkaure
  4036 | D:4      | Killed Menkaure
  4158 | D:4      | Reached XP level 7. HP: 36/36 MP: 10/15
  4174 | D:4      | Reached skill level 5 in Dodging
  4540 | D:5      | Entered Level 5 of the Dungeon
  4875 | D:5      | Found Pacaqo's Food Shoppe.
  5123 | D:5      | Reached skill level 5 in Conjurations
  5773 | D:6      | Found a sacrificial altar of Ru.
  5774 | D:6      | Found a snail-covered altar of Cheibriados.
  5840 | D:6      | Found a white marble altar of Elyvilon.
  5924 | D:6      | Reached XP level 8. HP: 36/41 MP: 16/16
  5957 | D:6      | Found a blossoming altar of Fedhas.
  6265 | D:6      | Reached skill level 5 in Poison Magic
  6483 | D:7      | Found a staircase to the Ecumenical Temple.
  6509 | Temple   | Entered the Ecumenical Temple
  6530 | Temple   | Became a worshipper of Vehumet
  6719 | D:7      | Found a sparkling altar of Nemelex Xobeh.
  6837 | D:7      | Found a shimmering altar of Xom.
  7152 | D:7      | Reached skill level 1 in Hexes
  7291 | D:7      | Found a glowing golden altar of the Shining One.
  7603 | D:4      | Found a hazy altar of Hepliaklqana.
  7604 | D:4      | Found a shattered altar of Ashenzari.
  7943 | D:4      | Reached skill level 5 in Air Magic
  8514 | D:7      | Reached XP level 9. HP: 34/45 MP: 8/17
  9344 | D:7      | Reached * piety under Vehumet
  9344 | D:7      | Offered knowledge of Freeze by Vehumet.
  9350 | D:7      | Learned a level 3 spell: Conjure Flame
  9588 | D:8      | Reached skill level 1 in Fighting
  9588 | D:8      | Reached skill level 1 in Fire Magic
 10355 | D:8      | Found a deep blue altar of Sif Muna.
 10442 | D:8      | Found Dirchuci's General Store.
 10955 | D:8      | Offered knowledge of Throw Frost by Vehumet.
 11411 | D:8      | Reached ** piety under Vehumet
 11445 | D:9      | Noticed a hellwing
 11686 | D:8      | Reached XP level 10. HP: 48/56 MP: 14/18
 12465 | D:10     | Entered Level 10 of the Dungeon
 12500 | D:10     | Noticed a deep elf mage
 12805 | D:9      | Reached skill level 5 in Fire Magic
 12846 | D:9      | Reached skill level 1 in Shields
 13052 | D:9      | Offered knowledge of Dazzling Spray by Vehumet.
 13221 | D:9      | Found an opulent altar of Gozag.
 13227 | D:9      | Learned a level 3 spell: Dazzling Spray
 13530 | D:10     | Noticed a two-headed ogre
 13548 | D:10     | Learned a level 2 spell: Poisonous Vapours
 14492 | D:10     | Killed a deep elf mage
 14501 | D:10     | Mangled by an ice beast

Skill      XL: |  1  2  3  4  5  6  7  8  9 10 |
---------------+-------------------------------+-----
Conjurations   | 2 3 4 5 6 8 9 |  9.3
Dodging        | 3 4 5 7 8 9 |  9.3
Summonings     | 2 3 |  3.0
Poison Magic   | 1 2 3 4 5 |  5.3
Air Magic      | 1 2 3 5 |  5.4
Hexes          | 2 3 4 |  4.0
Fighting       | 3 |  3.7
Fire Magic     | 3 5 |  5.7
Shields        | 2 |  2.5
Stealth        | |  2.4
Unarmed Combat | |  0.4
Spellcasting   | |  4.4
Translocations | |  1.1

Action                   |  1- 3 |  4- 6 |  7- 9 | 10-12 || total
-------------------------+-------+-------+-------+-------++-------
Melee: Unarmed           |     8 |       |       |       ||     8
       Dagger            |    39 |    27 |       |   271 ||   337
       Quarterstaff      |       |    30 |   403 |    18 ||   451
       Whip              |       |       |       |    65 ||    65
 Cast: Magic Dart        |    92 |    92 |   175 |    68 ||   427
       Call Imp          |     5 |     8 |    44 |    13 ||    70
       Mephitic Cloud    |       |     4 |    41 |    17 ||    62
       Slow              |       |       |     2 |    20 ||    22
       Conjure Flame     |       |       |     2 |     5 ||     7
       Dazzling Spray    |       |       |       |     6 ||     6
       Poisonous Vapours |       |       |       |     2 ||     2
Evoke: Wand              |       |       |    10 |     2 ||    12
  Use: Scroll            |       |     3 |     5 |     5 ||    13
       Potion            |       |     2 |     2 |     4 ||     8
 Stab: Confused          |       |     4 |    12 |    14 ||    30
       Sleeping          |       |     3 |     1 |       ||     4
       Petrified         |       |       |     5 |       ||     5
       Distracted        |       |       |     1 |     6 ||     7
       Invisible         |       |       |       |     3 ||     3
       Paralysed         |       |       |       |     1 ||     1
  Eat: Chunk             |     2 |     8 |    14 |     7 ||    31
       Bread ration      |       |       |     3 |       ||     3
       Fruit             |       |       |     3 |     5 ||     8
Armor: Robe              |    14 |    16 |   186 |   101 ||   317
Dodge: Dodged            |    51 |    45 |   388 |   247 ||   731
Block: Buckler           |       |       |       |    49 ||    49
